 Dungeon Crawl Stone Soup version 0.29-a0-369-gd956c00756 (webtiles) character file.

Game seed: 1900173054753469482

913 dolemite99 the Cleaver (level 7, -9/57 HPs)
             Began as a Minotaur Fighter on May 1, 2022.
             Was a Believer of Okawaru.
             Mangled by an orc
             ... wielding a +2 mace of distortion
              (20 damage)
             ... on level 6 of the Dungeon.
             The game lasted 00:03:55 (4961 turns).

dolemite99 the Cleaver (Minotaur Fighter)           Turns: 4961, Time: 00:03:56

Health: -9/57      AC: 13    Str: 22    XL:     7   Next: 82%
Magic:  6/6        EV:  6    Int:  5    God:    Okawaru [**....]
Gold:   337        SH:  4    Dex: 10    Spells: 6/6 levels left

rFire   . . .      SeeInvis .   a - +1 war axe
rCold   . . .      Faith    .   c - +0 buckler
rNeg    . . .      Spirit   .   q - +0 plate armour
rPois   .          Reflect  .   (helmet restricted)
rElec   .          Harm     .   v - scarf {+Inv}
rCorr   .          Rampage  .   (no gloves)
Will    .....                   f - +1 pair of boots
Stlth   ..........              (no amulet)
HPRegen 0.19/turn               (no ring)
MPRegen 0.10/turn               (no ring)

@: lethally poisoned (-9 -> -14)
A: horns 2, retaliatory headbutt
a: Renounce Religion, Evoke Invisibility, Heroism


You were on level 6 of the Dungeon.
You worshipped Okawaru.
Okawaru was pleased with you.
You visited 1 branch of the dungeon, and saw 6 of its levels.

You collected 337 gold pieces.

Inventory:

Hand Weapons
 a - a +1 war axe (weapon)
 h - a +0 halberd of protection
Missiles
 e - a throwing net
 n - 11 javelins (quivered)
Armour
 c - a +0 buckler (worn)
 f - a +1 pair of boots (worn)
 q - a +0 plate armour (worn)
 v - a scarf of invisibility (worn)
Jewellery
 d - a ring of willpower
Scrolls
 l - a scroll of enchant weapon
 o - 4 scrolls of amnesia
 p - 2 scrolls of immolation {unknown}
 r - a scroll of torment {unknown}
 s - a scroll of enchant armour {unknown}
 u - a scroll of vulnerability {unknown}
 y - 2 scrolls of fear
Potions
 b - 2 potions of lignification
 g - a potion of berserk rage {unknown}
 i - a potion of heal wounds {unknown}
 j - a potion of magic
 k - a potion of mutation {unknown}
 w - a potion of flight {unknown}
 x - a potion of attraction {unknown}


   Skills:
 - Level 3.6 Fighting
 + Level 11.0 Axes
 - Level 3.6 Armour
 - Level 3.6 Shields


You had 6 spell levels left.
You didn't know any spells.
Your spell library contained the following spells:

 Spells                   Type           Power      Damage    Failure   Level
 Apportation              Tloc           0%         N/A       100%        1
 Ozocubu's Armour         Ice            0%         N/A       100%        3
 Alistair's Intoxication  Tmut/Pois      0%         N/A       100%        5
 Metabolic Englaciation   Hex/Ice        0%         N/A       100%        5
 Simulacrum               Ice/Necr       Unusable   N/A       N/A         6

Dungeon Overview and Level Annotations

Branches:
Dungeon (6/15)
 Temple: D:4-7

Altars:
Okawaru


Innate Abilities, Weirdness & Mutations

You have a pair of horns on your head.
You reflexively headbutt those who attack you in melee.


Message History

You hit the ice beast.
The ice beast is almost dead.
The ice beast hits you but does no damage.
You barely miss the ice beast. You headbutt the ice beast.
You kill the ice beast!
Okawaru accepts your kill.
You slash the iguana! You headbutt the iguana.
You kill the iguana!
Okawaru accepts your kill.
Your Axes skill increases to level 11!
You closely miss the orc. The orc hits you but does no damage.
Space warps horribly around you!!
You barely miss the orc.
The orc hits you with a +2 mace of distortion.
You blink. 2 kobolds come into view.
Found three items.
You throw a javelin.
The javelin pierces through the orc but does no damage.
The kobold shouts!
You hear a shout!
A kobold comes into view. It is wielding a +0 club.
A kobold brigand comes into view.
It is wielding a +0 short sword and quivering poisoned darts.
A kobold comes into view. It is wielding a +0 dagger.
You throw a javelin. The javelin closely misses the orc.
The kobold brigand throws a poisoned dart.
The poisoned dart hits you!
You are poisoned.
You feel very sick. The orc hits you but does no damage.
Space warps horribly around you!
The kobold throws a stone.
The stone closely misses you.
You barely miss the orc.
You feel sick.
A kobold comes into view. It is wielding a +0 short sword.
An orc comes into view. It is wielding a +2 whip of pain.
The orc hits you with a +2 mace of distortion!
Space warps around you.
* * * LOW HITPOINT WARNING * * *
You feel sick.
The orc shouts!
You hear a shout!
The orc hits you but does no damage. Space warps horribly around you!!
You die...

....#......?..#
...............#
K............!..
...K..........#.
...K.K.....!....
....K..........#
...?..........o#
.....K..........
.......o@..###.
....#.......#
..#.........#
.....#.($...#
..######<.#... .
#.(###.. #....
... #.###)..#
#.# ...


You could see a kobold brigand, 2 orcs and 4 kobolds.

Vanquished Creatures
  Menkaure (D:5)
  An ice beast (D:6)
  A black bear (D:5)
  An ogre (D:4)
  A necrophage (D:5)
  A scorpion (D:4)
  A gnoll shaman (D:5)
  An orc priest (D:4)
  A hound (D:5)
  An iguana (D:6)
  3 orc wizards
  9 gnolls (D:5)
  3 adders (D:2)
  An ufetubus (D:5)
  A worm (D:3)
  4 dart slugs
  11 orcs
  8 endoplasms
  3 giant cockroaches
  3 goblins
  5 hobgoblins
  2 kobolds
  3 quokkas
  6 ball pythons
  3 bats
  3 frilled lizards
  8 rats
86 creatures vanquished.

Notes
Turn   | Place    | Note
-------+----------+-------------------------------------------
     0 | D:1      | dolemite99 the Minotaur Fighter began the quest for the
                  | Orb.
     0 | D:1      | Reached XP level 1. HP: 19/19 MP: 0/0
   269 | D:1      | Reached skill level 3 in Axes
   458 | D:1      | Reached XP level 2. HP: 26/26 MP: 1/1
   925 | D:2      | Reached skill level 4 in Axes
   925 | D:2      | Reached XP level 3. HP: 31/31 MP: 2/2
   928 | D:2      | Found a faded altar of an unknown god.
   940 | D:2      | Prayed at the altar of an unknown god.
   940 | D:2      | Became a worshipper of Warmaster Okawaru
   940 | D:2      | Reached * piety under Okawaru
  1424 | D:3      | Reached skill level 5 in Axes
  1788 | D:3      | Reached XP level 4. HP: 39/39 MP: 3/3
  1871 | D:3      | Reached skill level 6 in Axes
  2034 | D:4      | Reached XP level 5. HP: 37/45 MP: 4/4
  2536 | D:4      | Reached skill level 7 in Axes
  2672 | D:4      | Noticed an ogre
  2680 | D:4      | Killed an ogre
  2681 | D:4      | Reached skill level 8 in Axes
  2681 | D:4      | Reached XP level 6. HP: 51/51 MP: 5/5
  2911 | D:5      | Entered Level 5 of the Dungeon
  2948 | D:5      | Reached ** piety under Okawaru
  3100 | D:5      | Noticed Menkaure
  3110 | D:5      | Killed Menkaure
  3111 | D:5      | Reached skill level 9 in Axes
  3603 | D:5      | Reached XP level 7. HP: 35/57 MP: 3/6
  4124 | D:5      | Reached skill level 10 in Axes
  4955 | D:6      | Reached skill level 11 in Axes
  4961 | D:6      | Mangled by an orc

Illustrated notes

Levels and vault maps discovered:
D:1:      psy_arrival_terrarium, layout_basic
D:2:      layout_loops_cross, hellmonk_ecumenical_altar_zigzags
D:3:      layout_rooms, serial_curves, eino_curves_02, eino_curves_03,
          eino_curves_03, nicolae_figureground_sparkle
D:4:      layout_gridville
D:5:      layout_layer_cave, uniq_menkaure
D:6:      layout_rooms, mainiacjoe_overflow_paths, portal_sewer_entry_d

Skill      XL: |  1  2  3  4  5  6  7 |
---------------+----------------------+-----
Axes           | 3 4 5 6 8 9 11 | 11.0
Fighting       | |  3.6
Armour         | |  3.6
Shields        | |  3.6

Action                   |  1- 3 |  4- 6 |  7- 9 || total
-------------------------+-------+-------+-------++-------
Melee: War axe           |    83 |    50 |    41 ||   174
       Headbutt          |     6 |     6 |     6 ||    18
Throw: Javelin           |       |     8 |     8 ||    16
Invok: Heroism           |       |     2 |     2 ||     4
  Use: Potion            |       |     3 |       ||     3
       Scroll            |       |     5 |     6 ||    11
Armor: Scale mail        |    13 |       |       ||    13
       Plate armour      |    39 |    42 |    29 ||   110
Dodge: Dodged            |    38 |    32 |    15 ||    85
Block: Buckler           |    20 |    10 |    13 ||    43

Table legend: (Time is in decaauts)
 A = Elapsed time spent in this place.
 B = Non-inter-level travel time spent in this place.
 C = Inter-level travel time spent in this place.
 D = Time resting spent in this place.
 E = Time spent auto-exploring this place.
 F = Levels seen in this place.
 G = Mean time per level.
                   A        B        C        D        E       F      G
               +--------+--------+--------+--------+--------+-----+--------+
         Total |   5003 |   4879 |    124 |   1076 |   2981 |   6 |  833.8 |
       Dungeon |   5003 |   4879 |    124 |   1076 |   2981 |   6 |  833.8 |
               +--------+--------+--------+--------+--------+-----+--------+

Top non-repeatable levels by time:
     D:5: 2039 daAuts
     D:4: 899 daAuts
     D:2: 724 daAuts
     D:1: 710 daAuts
     D:3: 616 daAuts
     D:6: 14 daAuts
